 Dungeon Crawl Stone Soup version 0.24-a0-459-g225fefd530 (webtiles) character file.

Game seed: 877898182225661546

959 Masnef the Firebug (level 7, -4/36 HPs)
             Began as a Deep Elf Fire Elementalist on June 29, 2019.
             Was a Believer of Sif Muna.
             Slain by a two-headed ogre
             ... wielding a +0 giant club
              (26 damage)
             ... on level 6 of the Dungeon.
             The game lasted 00:21:35 (6719 turns).

Masnef the Firebug (Deep Elf Fire Elementalist)     Turns: 6719, Time: 00:21:36

Health: -4/36      AC:  4    Str:  5    XL:     7   Next: 91%
Magic:  7/16       EV: 17    Int: 22    God:    Sif Muna [**....]
Gold:   213        SH:  0    Dex: 15    Spells: 9/16 levels left

rFire    . . .     SeeInvis +   g - +0 dagger
rCold    . . .     Gourm    .   (no shield)
rNeg     . . .     Faith    .   j - +0 robe
rPois    .         Spirit   .   (no helmet)
rElec    .         Reflect  .   (no cloak)
rCorr    .         Harm     .   e - +1 pair of gloves
MR       .....                  (no boots)
Stlth    +++.......             (no amulet)
HPRegen  0.12/turn              o - +3 ring of evasion
MPRegen  0.15/turn              t - ring of see invisible

@: no status effects
A: no striking features
a: Channel Magic, Renounce Religion


You were on level 6 of the Dungeon.
You worshipped Sif Muna.
Sif Muna was pleased with you.
You were not hungry.

You visited 2 branches of the dungeon, and saw 7 of its levels.
You also visited: Ossuary.

You collected 213 gold pieces.

Inventory:

Hand Weapons
 g - a +0 dagger (weapon)
 s - a +2 whip of freezing
 E - a +2 war axe of freezing
Missiles
 n - 2 throwing nets (quivered)
 q - 30 poisoned darts
 F - 5 curare-tipped darts
 J - 3 boomerangs
Armour
 a - a +0 robe
 e - a +1 pair of gloves (worn)
 j - a +0 robe (worn)
Magical Staves
 w - an uncursed staff of earth
Jewellery
 o - a +3 ring of evasion (left hand)
 t - a ring of see invisible (right hand)
 v - a +3 ring of strength
Scrolls
 d - 2 scrolls of magic mapping
 f - 3 scrolls of remove curse
 h - a scroll of noise {unknown}
 i - a scroll of identify
 p - 2 scrolls of fear {unknown}
 u - a scroll of teleportation
 x - 2 scrolls of enchant weapon {unknown}
 y - 2 scrolls of blinking {unknown}
 D - a scroll of amnesia
 I - 2 scrolls of fog {unknown}
Potions
 b - 4 potions of curing
 k - a potion of heal wounds {unknown}
 l - 4 potions of might
 m - 3 potions of ambrosia {unknown}
 r - 2 potions of degeneration {unknown}
 z - 2 potions of agility {unknown}
 A - 2 potions of resistance {unknown}
 B - 3 potions of lignification
 C - a potion of cancellation {unknown}
 G - 3 potions of haste {unknown}
 H - 2 potions of invisibility {unknown}
 K - a potion of berserk rage {unknown}
Comestibles
 c - 12 rations


   Skills:
 - Level 3.0 Short Blades
 + Level 3.6 Dodging
 - Level 4.0 Stealth
 - Level 5.1 Spellcasting
 + Level 4.4 Conjurations
 - Level 7.1 Fire Magic


You had 9 spell levels left.
You knew the following spells:

 Your Spells              Type           Power        Failure   Level  Hunger
a - Flame Tongue          Conj/Fire      ####.        1%          1    None
b - Throw Flame           Conj/Fire      ####..       1%          2    None
c - Sticky Flame          Conj/Fire      ####....     10%         4    ####...

Your spell library contained the following spells:

 Spells                   Type           Power        Failure   Level  Hunger
 Conjure Flame            Conj/Fire      ####....     2%          3    ##.....
 Inner Flame              Hex/Fire       ###.....     7%          3    ##.....
 Fireball                 Conj/Fire      ####......   26%         5    #####..


Dungeon Overview and Level Annotations

Branches:
Dungeon (6/15)             Temple (1/1) D:4

Altars:
Ashenzari
Dithmenos
Elyvilon
Fedhas
Hepliaklqana
Nemelex Xobeh
Okawaru
Qazlal
Ru
Sif Muna
Uskayaw
Wu Jian
Xom
Yredelemnul
The Shining One
Beogh

Annotations:
D:4 3 runed translucent doors, PeterQ's ghost, amateur GnAs
D:6 stuff inside glass


Message History

You aren't carrying any items that you can evoke.
Casting: Flame Tongue (safe; 1% risk of failure)
Confirm with . or Enter, or press ? or * to list all spells.
Aiming: Flame Tongue (safe; 1% risk of failure)
Press: ? - help, Shift-Dir - straight line, f/p - two-headed ogre
Aim: a two-headed ogre, wielding two +0 giant clubs (heavily wounded)
The flame tongue hits the two-headed ogre.
The two-headed ogre is heavily wounded.
Casting: Flame Tongue (safe; 1% risk of failure)
Confirm with . or Enter, or press ? or * to list all spells.
Aiming: Sticky Flame (safe; 10% risk of failure)
Press: ? - help, Shift-Dir - straight line, f/p - two-headed ogre
Aim: a two-headed ogre, wielding two +0 giant clubs (heavily wounded)
The sticky flame hits the two-headed ogre.
The two-headed ogre is severely wounded.
The two-headed ogre is covered in liquid flames!
The two-headed ogre burns!
The two-headed ogre hits you with a +0 giant club!!
Ouch! That really hurt!
You die...

#......#..#####..#...###...#
# #......#..#!%$#..#...#
#...# #
#......#..#[/(#..#...# #...#
# #......+..#$=h#..#...#
#...# #......#..#####..#...#
##### #............Z..#
#.........%..O..#
######..##.######Z#
................@O.#
####.######.######## # #.#
#.# ..# ###


You could see a two-headed ogre (burning) and a human zombie.

Vanquished Creatures
  A black bear (D:6)
  2 ogres (D:5)
  3 water moccasin zombies (Ossuary)
  A howler monkey (D:4)
  A crimson imp (D:5)
  2 hounds
  An orc priest (D:5)
  An orc wizard (D:5)
  Jessica (D:3)
  3 worker ants
  A big kobold zombie (Ossuary)
  2 hound skeletons (D:5)
  2 mummies (Ossuary)
  A howler monkey skeleton (D:4)
  3 adders
  2 shadow imps
  An ooze (D:1)
  3 adder zombies (Ossuary)
  A worm (D:3)
  A dart slug (D:1)
  A leopard gecko (D:4)
  14 orcs
  2 ball pythons
  2 giant cockroaches
  5 goblins
  8 hobgoblins
  5 jackals
  12 kobolds
  5 quokkas
  6 bats
  6 frilled lizards
  7 gnoll zombies
  6 hobgoblin zombies (Ossuary)
  A jackal zombie (D:6)
  4 kobold zombies (Ossuary)
  A leopard gecko zombie (D:5)
  7 orc zombies (Ossuary)
  8 rats
133 creatures vanquished.

Notes
Turn   | Place    | Note
-------+----------+-------------------------------------------
     0 | D:1      | Masnef the Deep Elf Fire Elementalist began the quest for
                  | the Orb.
     0 | D:1      | Reached XP level 1. HP: 10/10 MP: 6/6
   367 | D:1      | Reached skill level 4 in Fire Magic
   367 | D:1      | Reached XP level 2. HP: 12/15 MP: 0/8
   543 | D:1      | Learned a level 2 spell: Throw Flame
  1015 | D:2      | Reached XP level 3. HP: 16/19 MP: 6/9
  1713 | D:3      | Noticed Jessica
  2280 | D:3      | Reached skill level 1 in Short Blades
  2326 | D:3      | Reached XP level 4. HP: 22/24 MP: 5/10
  2332 | D:3      | Learned a level 4 spell: Sticky Flame
  2609 | D:3      | Reached skill level 5 in Fire Magic
  2963 | D:3      | Found a shadowy altar of Dithmenos.
  3137 | D:3      | Killed Jessica
  3137 | D:3      | Reached XP level 5. HP: 28/28 MP: 6/12
  3188 | D:4      | Found a staircase to the Ecumenical Temple.
  3200 | Temple   | Entered the Ecumenical Temple
  3247 | Temple   | Became a worshipper of Sif Muna the Loreminder
  3622 | D:4      | Found a runed translucent gate.
  3623 | D:4      | Found a runed translucent gate.
  3624 | D:4      | Found a runed translucent gate.
  3624 | D:4      | Noticed PeterQ's ghost (amateur GnAs)
  3626 | D:4      | Noticed an orc warrior
  3643 | D:4      | Found a roughly hewn altar of Beogh.
  3867 | D:4      | Found a basalt altar of Yredelemnul.
  4156 | D:4      | Found a deep blue altar of Sif Muna.
  4158 | D:4      | Found an ancient bone altar of Kikubaaqudgha.
  4158 | D:4      | Found a shattered altar of Ashenzari.
  4160 | D:4      | Found a hazy altar of Hepliaklqana.
  4160 | D:4      | Found a stormy altar of Qazlal.
  4160 | D:4      | Found a shimmering altar of Xom.
  4489 | D:5      | Entered Level 5 of the Dungeon
  4604 | D:5      | Noticed an ogre
  4610 | D:5      | Killed an ogre
  4610 | D:5      | Reached XP level 6. HP: 20/32 MP: 2/15
  4853 | D:5      | Found a blossoming altar of Fedhas.
  4916 | D:5      | Reached skill level 5 in Spellcasting
  4916 | D:5      | Reached skill level 6 in Fire Magic
  5558 | D:5      | Reached XP level 7. HP: 36/36 MP: 16/16
  5948 | D:6      | Found a white marble altar of Elyvilon.
  6041 | D:6      | Reached * piety under Sif Muna
  6056 | D:6      | Found a sand-covered staircase.
  6058 | D:6      | Noticed a two-headed ogre
  6097 | Ossuary  | Entered an ossuary
  6201 | Ossuary  | Reached skill level 7 in Fire Magic
  6496 | Ossuary  | Reached ** piety under Sif Muna
  6719 | D:6      | Slain by a two-headed ogre

Levels and vault maps discovered:
D:1:      dpeg_arrival_central, layout_basic, chequers_mini_garden,
          roderic_lattice_a
D:2:      layout_loops_ring
D:3:      kb_forest_paths, layout_basic, grunt_dithmenos_smoke_and_mirrors,
          uniq_jessica
D:4:      layout_layer_cave, doesnt_xom_only_xom, lemuel_round_altar,
          minmay_temple_entry_slanted, biasface_ghost_orc_armoury
D:5:      layout_loops_ring, first_ration, fedhas_altar_3
D:6:      layout_basic, lemuel_coloured_pillars_altar, enter_ossuary_3,
          due_unseen_surprise
Temple:   nicolae_temple_hex_pool

Skill      XL: |  1  2  3  4  5  6  7 |
---------------+----------------------+-----
Fire Magic     | 4 5 6 7 |  7.1
Short Blades   | 1 3 |  3.0
Conjurations   | 2 3 4 |  4.4
Spellcasting   | 4 5 |  5.1
Stealth        | 3 4 |  4.0
Dodging        | 3 |  3.6

Action                   |  1- 3 |  4- 6 |  7- 9 || total
-------------------------+-------+-------+-------++-------
Melee: Dagger            |    42 |    56 |    50 ||   148
       Staff             |       |     2 |       ||     2
       War axe           |       |     6 |       ||     6
       Whip              |       |       |     3 ||     3
 Cast: Flame Tongue      |    47 |    57 |    80 ||   184
       Throw Flame       |    11 |    19 |     5 ||    35
       Sticky Flame      |       |     5 |     5 ||    10
  Use: Scroll            |     5 |     2 |     2 ||     9
 Stab: Sleeping          |     4 |     7 |     5 ||    16
       Distracted        |       |     1 |       ||     1
  Eat: Chunk             |     5 |     9 |     4 ||    18
       Ration            |       |       |     1 ||     1
Armor: Robe              |    21 |    15 |    13 ||    49
Dodge: Dodged            |    35 |    84 |    65 ||   184

Table legend:
 A = Non-vault XP
 B = Vault XP
 C = Vault XP percentage of total XP
 D = Non-vault monster count
 E = Vault monster count
 F = Vault count percentage of total count
                 A         B        C        D         E       F
            +---------+---------+-------+---------+---------+-------
      Total |     977 |     393 |  28.7 |      92 |      41 |  30.8
            +---------+---------+-------+---------+---------+-------
        D:1 |      34 |       0 |   0.0 |      19 |       0 |   0.0
        D:2 |      37 |       0 |   0.0 |      16 |       0 |   0.0
        D:3 |      78 |      52 |  40.0 |      27 |       7 |  20.6
        D:4 |     126 |       0 |   0.0 |       9 |       0 |   0.0
        D:5 |     529 |       0 |   0.0 |      17 |       0 |   0.0
        D:6 |     173 |       4 |   2.3 |       4 |       3 |  42.9
    Ossuary |       0 |     337 | 100.0 |       0 |      31 | 100.0
            +---------+---------+-------+---------+---------+-------
